 Dungeon Crawl Stone Soup version 0.28.0-45-g0d030f2227 (webtiles) character file.

Game seed: 7315909662986332363

395 pkoi the Twirler (level 6, -4/51 HPs)
             Began as a Demigod Gladiator on Apr 8, 2022.
             Slain by an ice beast (5 damage)
             ... on level 4 of the Dungeon.
             The game lasted 00:05:40 (4884 turns).

pkoi the Twirler (Demigod Gladiator)                Turns: 4884, Time: 00:05:40

Health: -4/51      AC:  8    Str: 15      XL:     6   Next: 26%
Magic:  9/9        EV: 10    Int: 18      God:
Gold:   82         SH:  0    Dex: 12 (15) Spells: 3/5 levels left

rFire   + . .      SeeInvis .   a - +0 quarterstaff
rCold   . . .      Faith    .   (shield currently unavailable)
rNeg    . . .      Spirit   .   k - +0 scale mail
rPois   .          Reflect  .   c - +0 helmet
rElec   .          Harm     .   (no cloak)
rCorr   .          Rampage  .   (no gloves)
Will    .....      Rage     1%  p - +0 pair of boots
Stlth   ..........              (no amulet)
HPRegen 0.17/turn               (no ring)
MPRegen 0.11/turn               (no ring)

@: no status effects
A: high MP 1, forlorn, divine attributes, berserk 1, deterioration 1, fire
resistance 1
a: no special abilities


You were on level 4 of the Dungeon.
You visited 1 branch of the dungeon, and saw 5 of its levels.

You collected 82 gold pieces.

Inventory:

Hand Weapons
 a - a +0 quarterstaff (weapon)
 g - a +0 dagger of holy wrath
Missiles
 d - 3 throwing nets (quivered)
Armour
 b - a +0 leather armour
 c - a +0 helmet (worn)
 k - a +0 scale mail (worn)
 p - a +0 pair of boots (worn)
Jewellery
 i - an amulet of magic regeneration
Wands
 j - a wand of polymorph (3)
 m - a wand of acid (1)
Scrolls
 l - 3 scrolls of teleportation
 n - a scroll of identify
Potions
 e - a potion of haste
 f - a potion of brilliance
 h - a potion of might
 o - a potion of heal wounds
 r - a potion of ambrosia


   Skills:
 - Level 3.0 Fighting
 * Level 6.0 Staves
 - Level 1.7 Throwing
 + Level 3.0 Dodging
 + Level 0.3 Spellcasting
 + Level 0.3 Air Magic
 + Level 0.4 Poison Magic


You had 3 spell levels left.
You knew the following spells:

 Your Spells              Type           Power      Damage    Failure   Level
a - Poisonous Vapours     Pois/Air       2%         N/A       75%         2

Your spell library contained the following spells:

 Spells                   Type           Power      Damage    Failure   Level
 Magic Dart               Conj           0%         1d3       65%         1
 Corpse Rot               Necr/Air       2%         N/A       77%         2
 Call Imp                 Summ           0%         N/A       80%         2
 Sublimation of Blood     Necr           0%         N/A       80%         2
 Mephitic Cloud           Conj/Pois/Air  1%         N/A       94%         3
 Gell's Gravitas          Tloc           0%         N/A       95%         3
 Teleport Other           Tloc           0%         N/A       95%         3
 Petrify                  Tmut/Erth      0%         N/A       100%        4
 Irradiate                Conj/Tmut      0%         3d13      100%        5
 Dispersal                Tloc           0%         N/A       100%        6


Dungeon Overview and Level Annotations

Branches:
Dungeon (5/15)
 Temple: D:4-7

Shops:
D:1 *   D:4 *


Innate Abilities, Weirdness & Mutations

You have an increased reservoir of magic. (+10% MP)
You shall have no god before yourself.
Your divine heritage dramatically boosts your attributes as you level up.
You tend to lose your temper in combat.
Your body sometimes deteriorates upon taking damage.
Your flesh is heat resistant. (rF+)


Message History

* * * LOW HITPOINT WARNING * * *
A wraith comes into view.
A jelly comes into view.
Your Dodging skill increases to level 3!
The gnoll hits you with a +0 spear.
* * * LOW HITPOINT WARNING * * *
The iguana bites you but does no damage.
Things that are here:
a +0 flail; a +0 spear; a gnoll corpse You barely miss the iguana.
The gnoll closely misses you. The iguana bites you!
* * * LOW HITPOINT WARNING * * *
The gnoll hits you but does no damage.
There is a stone staircase leading up here.
The ice beast hits you.
* * * LOW HITPOINT WARNING * * *
The ice beast freezes you!
* * * LOW HITPOINT WARNING * * *
Your body deteriorates!
You feel clumsy.
You climb upwards.
There is a stone staircase leading down here.
Okay, then.
Okay, then.
Aiming: Corrosive Bolt
Press: ? - help, Shift-Dir - straight line, f - ice beast
Aim: an ice beast (71% to hit)
The bolt of acid misses the ice beast.
The ice beast hits you.
* * * LOW HITPOINT WARNING * * *
The ice beast freezes you!
* * * LOW HITPOINT WARNING * * *
Unknown command.
Aiming: Polymorph
Press: ? - help, Shift-Dir - straight line, f/p - ice beast
Aim: an ice beast (will become a steam dragon, a sky beast, or a fire bat, chance to affect: 49%)
Okay, then.
Aiming: Corrosive Bolt
Press: ? - help, Shift-Dir - straight line, f/p - ice beast
Aim: an ice beast (71% to hit)
The bolt of acid misses the ice beast.
The ice beast hits you.
* * * LOW HITPOINT WARNING * * *
The ice beast freezes you.
You die...

##########.........#....
##..........#######.#....
#......######### #......
#####......'.#.....# #.#..(.
#<.........#.#.###.#######...
#########'#....###.#....##...
#....#.....##.#.##.###..
#....#.###.##.#..#.#....
#....'.@Y...............
##...#.....##.##.#.#.#..
#.........##....#...#<#
#.##......########.....
#...#..#.........'.....
###.#..#.#########.....
#.#..#.# #.....
#.#..#.##########'###
#.#..................


You could see an ice beast.

Vanquished Creatures
  A centaur (D:3)
  A phantom (D:3)
  A scorpion (D:4)
  A hound (D:4)
  3 gnolls
  5 adders
  A worm (D:2)
  A dart slug (D:1)
  An orc (D:4)
  7 ball pythons
  2 bats (D:1)
  9 endoplasms
  A giant cockroach (D:1)
  10 goblins
  10 hobgoblins
  12 kobolds
  2 quokkas (D:1)
  5 frilled lizards
  3 rats
76 creatures vanquished.

Vanquished Creatures (others)
  9 plants (D:2)
9 creatures vanquished.

Grand Total: 85 creatures vanquished

Notes
Turn   | Place    | Note
-------+----------+-------------------------------------------
     0 | D:1      | pkoi the Demigod Gladiator began the quest for the Orb.
     0 | D:1      | Reached XP level 1. HP: 17/17 MP: 3/3
    55 | D:1      | Reached skill level 3 in Staves
   316 | D:1      | Reached XP level 2. HP: 21/24 MP: 4/4
   371 | D:1      | Found Isim's Assorted Antiques.
  1019 | D:1      | Reached XP level 3. HP: 30/30 MP: 5/5
  1509 | D:2      | Reached skill level 4 in Staves
  1656 | D:2      | Reached XP level 4. HP: 37/37 MP: 6/6
  1691 | D:2      | Gained mutation: Your flesh is heat resistant. (rF+)
                  | [potion of mutation]
  1691 | D:2      | Gained mutation: You tend to lose your temper in combat.
                  | [potion of mutation]
  1691 | D:2      | Gained mutation: Your body sometimes deteriorates upon
                  | taking damage. [potion of mutation]
  2479 | D:3      | Noticed a centaur
  2491 | D:3      | Killed a centaur
  2492 | D:3      | Reached XP level 5. HP: 18/45 MP: 7/7
  2939 | D:3      | Reached skill level 5 in Staves
  3271 | D:4      | Found Queke's Assorted Antiques.
  3738 | D:4      | Noticed an ogre
  3791 | D:3      | Reached XP level 6. HP: 22/51 MP: 8/8
  4021 | D:3      | Learned a level 2 spell: Poisonous Vapours
  4734 | D:5      | Entered Level 5 of the Dungeon
  4868 | D:5      | Reached skill level 6 in Staves
  4872 | D:5      | Noticed a wraith
  4883 | D:4      | HP: 2/51 [ice beast (10)]
  4884 | D:4      | Slain by an ice beast

Illustrated notes

Levels and vault maps discovered:
D:1:      dpeg_arrival_lava_altar, layout_basic, serial_shops,
          nicolae_shop_hallway_plus
D:2:      layout_loops_ring, dreamdust_ecumenical_altar_angels_and_demons,
          nrook_mini_backslash, serial_bayou_lake_a
D:3:      layout_basic, nicolae_ru_awakened_eye, minivault_23
D:4:      layout_basic, serial_shops, nicolae_take_the_stairs
D:5:      layout_basic, nicolae_shop_gadgets, uniq_sigmund

Skill      XL: |  1  2  3  4  5  6 |
---------------+-------------------+-----
Staves         | 3 4 5 6 |  6.0
Fighting       | 2 3 |  3.0
Dodging        | 3 |  3.0
Throwing       | |  1.7
Spellcasting   | |  0.3
Air Magic      | |  0.3
Poison Magic   | |  0.4

Action                   |  1- 3 |  4- 6 || total
-------------------------+-------+-------++-------
Melee: Quarterstaff      |   141 |   125 ||   266
Evoke: Wand              |       |     2 ||     2
  Use: Potion            |     2 |     4 ||     6
       Scroll            |     2 |     7 ||     9
 Stab: Sleeping          |     1 |       ||     1
Armor: Leather armour    |    37 |       ||    37
       Scale mail        |     1 |    61 ||    62
Dodge: Dodged            |    78 |    64 ||   142
